 Dungeon Crawl Stone Soup version 0.31.0-10-gcf4a605ca0 (webtiles) character file.

Game seed: 16996483616401452441

287 Zeor the Grave Robber (level 6, -1/43 HPs)
             Began as a Demonspawn Necromancer on Jan 25, 2024.
             Slain by Menkaure (17 damage)
             ... on level 4 of the Dungeon.
             The game lasted 00:16:17 (3233 turns).

Zeor the Grave Robber (Demonspawn Necromancer)      Turns: 3233, Time: 00:16:17

Health: -1/43      AC:  8    Str:  6 (8)  XL:     6   Next: 8%
Magic:  11/11      EV: 11    Int: 15 (17) God:
Gold:   417        SH:  0    Dex: 15 (18) Spells: 3/11 levels left

rFire   + . .        a - +0 dagger (pain)
rCold   . . .        (no shield)
rNeg    . . .        d - +2 leather armour {rF+}
rPois   .            (no helmet)
rElec   .            (no cloak)
rCorr   .            e - +1 pair of gloves
SInv    .            k - +0 pair of boots
Will    .....        (no amulet)
Stlth   ++++         (no ring)
HPRegen 0.27/turn    (no ring)
MPRegen 0.12/turn

%: no passive effects
@: invisible
A: thin skeletal structure 2, powered by death 1
a: no special abilities


You were on level 4 of the Dungeon.
You visited 1 branch of the dungeon, and saw 4 of its levels.
You also visited: Ossuary.

You collected 471 gold pieces.
You spent 54 gold pieces at shops.

Inventory:

Hand Weapons
 a - a +0 dagger of pain (weapon)
 g - a +4 dagger
Armour
 d - a +2 leather armour of fire resistance (worn)
 e - a +1 pair of gloves (worn)
 f - the +4 ring mail of the Undertaker {rElec}
   (You found it on level 2 of the Dungeon)

   rElec:     It insulates you from electricity.
 k - a +0 pair of boots (worn)
Jewellery
 m - a ring of ice
Talismans
 j - a granite talisman
Scrolls
 c - 2 scrolls of amnesia
 l - a scroll of torment
Potions
 b - a potion of magic
 n - a potion of enlightenment
 o - a potion of degeneration
 p - a potion of invisibility


   Skills:
 * Level 1.5 Fighting
 + Level 1.7 Short Blades
 + Level 1.1 Armour
 + Level 1.9 Dodging
 + Level 2.7 Stealth
 * Level 3.3 Spellcasting
 * Level 5.7 Necromancy


You had 3 spell levels left.
You knew the following spells:

 Your Spells              Type           Power      Damage    Failure   Level
d - Animate Dead          Necr           19%        N/A       28%         4
n - Necrotise             Necr           76%        1d7       3%          1
v - Vampiric Draining     Necr           19%        2d7       9%          3

Your spell library contained the following spells:

 Spells                   Type           Power      Damage    Failure   Level
 Curse of Agony           Necr           19%        N/A       63%         5


Dungeon Overview and Level Annotations

Branches:
Dungeon (4/15)            Ossuary (visited)
 Temple: D:4-7

Altars:

Shops:
D:1 [

Annotations:
D:4 Eustachio, Menkaure


Innate Abilities, Weirdness & Mutations

You have a moderately thin skeletal structure. (Dex +4, Stealth++)
You regenerate a little health from kills.


Message History

Your adder skeleton bites the orc.
The orc hits you but does no damage.
Okay, then.
It was a potion of degeneration.
There was something very wrong with that liquid.
You feel weakened.
You feel dopey.
You feel clumsy. The orc completely misses you.
Menkaure hits your adder skeleton!!
Your adder skeleton is destroyed!
The orc closely misses you.
Okay, then.
You feel better. The orc barely misses you.
The orc hits you but does no damage.
It was a potion of invisibility.
You fade into invisibility!
The orc barely misses you. The orc misses you.
Menkaure casts a spell.
Menkaure seems to speed up.
Okay, then.
It was a potion of heal wounds.
You feel much better.
Okay, then.
Menkaure barely misses you.
You barely miss Menkaure. Menkaure hits you!
You hit Menkaure but do no damage. Menkaure barely misses you.
You hit Menkaure.
Menkaure is lightly damaged.
Menkaure hits you. Menkaure closely misses you.
You hit Menkaure but do no damage.
Menkaure is lightly damaged.
Menkaure giggles, "These cerements are ticklish..."
Menkaure hits you!
* * * LOW HITPOINT WARNING * * *
You hit Menkaure.
Menkaure is lightly damaged.
Menkaure calls on the powers of darkness!
Your body is wracked with pain!
* * * LOW HITPOINT WARNING * * *
You hit Menkaure but do no damage. You punch Menkaure.
Menkaure is moderately damaged.
Menkaure hits you but does no damage.
You feel better. Menkaure hits you!
You die...

▒∙∙∙∙∙∙▒ ∙∙▒
▒∙w∙∙∙▒▒ ▒∙▒ ▒∙∙Mo∙▒
▒∙▒ ▒▒▒o▒▒▒
▒▒∙▒▒▒▒▒▒ ▒o▒
▒∙∙∙†∙∙∙∙ ▒∙▒
▒∙▒▒▒▒▒▒▒ ▒∙▒▒▒▒▒▒▒
▒∙▒ ▒
▒∙∙∙∙∙∙∙▒▒▒▒▒▒▒▒▒▒∙▒
▒
▒▒▒▒▒▒▒∙M6∙∙∙∙∙∙∙∙∙▒
▒ ▒▒▒▒▒▒▒▒▒▒▒▒▒▒ ▒ ▒
▒ ▒ ▒ ▒ ▒


You could see Menkaure (fast).

Vanquished Creatures
  Terence (D:3)
  2 orc wizards (D:4)
  8 mummies (Ossuary)
  4 adders
  3 dart slugs
  7 orcs
  4 endoplasms
  5 giant cockroaches
  6 hobgoblins
  4 quokkas
  4 ball pythons
  4 bats (D:1)
  4 frilled lizards
  2 gnoll zombies (Ossuary)
  4 goblins
  A hobgoblin zombie (Ossuary)
  8 kobolds
  3 kobold zombies (Ossuary)
  2 orc zombies (Ossuary)
  4 rats
80 creatures vanquished.

Vanquished Creatures (collateral kills)
  A ball python (D:1)
1 creature vanquished.

Grand Total: 81 creatures vanquished

Notes
Turn   | Place    | Note
-------+----------+-------------------------------------------
     0 | D:1      | Zeor the Demonspawn Necromancer began the quest for the
                  | Orb.
     0 | D:1      | Reached XP level 1. HP: 13/13 MP: 3/3
   375 | D:1      | Gained mutation: You regenerate a little health from kills.
                  | [demonic ancestry]
   375 | D:1      | Reached XP level 2. HP: 19/19 MP: 5/5
   417 | D:1      | Found Leluru's Armour Shoppe.
   424 | D:1      | Bought a +0 pair of boots for 54 gold pieces
   568 | D:2      | Reached skill level 5 in Necromancy
   787 | D:2      | Identified the +4 ring mail of the Undertaker {rElec}
   815 | D:2      | Reached XP level 3. HP: 24/24 MP: 6/6
  1631 | D:3      | Learned a level 3 spell: Vampiric Draining
  1909 | D:3      | Gained mutation: You have a somewhat thin skeletal
                  | structure. (Dex +2, Stealth+) [demonic ancestry]
  1909 | D:3      | Reached XP level 4. HP: 31/31 MP: 5/7
  2043 | D:3      | Noticed Terence
  2051 | D:3      | Killed Terence
  2265 | D:3      | Learned a level 4 spell: Animate Dead
  2296 | D:4      | Found a sand-covered staircase.
  2309 | Ossuary  | Entered an ossuary
  2360 | Ossuary  | Reached skill level 1 in Short Blades
  2365 | Ossuary  | Reached XP level 5. HP: 36/36 MP: 9/9
  2429 | Ossuary  | Reached skill level 1 in Fighting
  2885 | D:4      | Noticed Menkaure
  2885 | D:4      | Noticed Eustachio
  2905 | D:4      | Reached skill level 1 in Armour
  3010 | D:4      | Gained mutation: You have a moderately thin skeletal
                  | structure. (Dex +4, Stealth++) [demonic ancestry]
  3010 | D:4      | Reached XP level 6. HP: 37/43 MP: 10/10
  3209 | D:4      | HP: 2/43 [orc/+0 war axe (8)]
  3233 | D:4      | Slain by Menkaure

Illustrated notes

Levels and vault maps discovered:
D:1:      dpeg_arrival_renting, layout_rooms, serial_shops,
          nicolae_shop_pleasant_corner_grove, st_stairs_6, item_on_display_b
D:2:      layout_loops_ring, grunt_ministairs_3, grunt_decor_resistance
D:3:      layout_basic, roderic_lattice_a, uniq_terence
D:4:      layout_loops_ring, enter_ossuary_5, uniq_eustachio, uniq_menkaure

Skill      XL: |  1  2  3  4  5 |
---------------+----------------+-----
Necromancy     | 5 |  5.7
Stealth        | 2 |  2.7
Spellcasting   | 3 |  3.3
Short Blades   | 1 |  1.7
Fighting       | 1 |  1.5
Armour         | 1 |  1.1
Dodging        | |  1.9

Action                     |  1- 3 |  4- 6 || total
---------------------------+-------+-------++-------
  Melee: Dagger            |    64 |   136 ||   200
         Unarmed           |     3 |       ||     3
         Punch             |     1 |     3 ||     4
   Cast: Necrotise         |    23 |     9 ||    32
         Vampiric Draining |       |     1 ||     1
    Use: Scroll            |     8 |     7 ||    15
         Potion            |       |     9 ||     9
   Stab: Sleeping          |    11 |     8 ||    19
 Armour: Leather armour    |    31 |    74 ||   105
  Dodge: Dodged            |    29 |    66 ||    95
